 Dungeon Crawl Stone Soup version 0.31-a0-744-gbc345e7fcb (webtiles) character file.

Game seed: 13269873765349993967

24318 Revguard the Fighter (level 13, -4/105 HPs)
             Began as a Human Fighter on Sept 13, 2023.
             Was a Priest of the Shining One.
             Shot with an arrow by a centaur warrior (11 damage)
             ... on level 13 of the Dungeon.
             The game lasted 00:38:52 (14899 turns).

Revguard the Fighter (Human Fighter)               Turns: 14899, Time: 00:38:53

Health: -4/105     AC: 21    Str: 20    XL:     13   Next: 41%
Magic:  20/20      EV:  8    Int: 10    God:    the Shining One [***...]
Gold:   755        SH: 18    Dex: 13    Spells: 12/12 levels left

rFire   + . .        f - +8 broad axe
rCold   . . .        D - +2 buckler
rNeg    + . .        g - +1 plate armour
rPois   .            (helmet restricted)
rElec   .            (no cloak)
rCorr   .            c - +2 pair of gloves
SInv    .            m - +0 pair of boots
Will    .....        (no amulet) Stlth
                     q - ring of protection from fire
HPRegen 0.37/turn    (no ring)
MPRegen 0.17/turn

%: no passive effects
@: divinely shielded, glowing, studying Long Blades
A: horns 1, iridescent scales 1, wild magic 2
a: Renounce Religion, Divine Shield, Cleansing Flame


You were on level 13 of the Dungeon.
You worshipped the Shining One.
The Shining One was most pleased with you.
You visited 2 branches of the dungeon, and saw 14 of its levels.
You also visited: Sewer and Bailey.

You collected 1049 gold pieces.
You spent 264 gold pieces at shops.
You donated 30 gold pieces to Zin.

Inventory:

Hand Weapons
 f - a +8 broad axe (weapon)
 s - a +0 flail of protection
Missiles
 h - a throwing net
Armour
 c - a +2 pair of gloves (worn)
 g - a +1 plate armour (worn)
 i - a +0 pair of gloves
 j - a scarf of harm
 m - a +0 pair of boots (worn)
 D - a +2 buckler (worn)
Jewellery
 e - the ring "Jatoemom" {Ice Str+7}
   (You found it on level 3 of the Dungeon)

   [ring of ice]

   Ice:       It enhances your ice magic.
   Str+7:     It affects your strength (+7).
   rF-:       It makes you vulnerable to fire.
   rC+:       It protects you from cold.
 q - a ring of protection from fire (left hand)
 u - a +6 ring of intelligence
Wands
 b - a wand of mindburst (8)
 w - a wand of charming (12)
 A - a wand of quicksilver (8)
Scrolls
 k - 7 scrolls of teleportation
 l - a scroll of immolation
 t - a scroll of fear
 v - a scroll of enchant armour
 y - a scroll of fog
 C - a scroll of revelation
 H - 2 scrolls of noise
 I - a scroll of amnesia
Potions
 a - 3 potions of haste
 d - a potion of resistance
 n - 2 potions of mutation
 o - 5 potions of curing
 p - a potion of ambrosia
 r - a potion of cancellation
 x - a potion of invisibility
 z - a potion of attraction
 B - 3 potions of lignification
 E - 2 potions of might
 F - 2 potions of brilliance
 J - a potion of magic


   Skills:
 * Level 10.8 Fighting
 * Level 5.7(6.6) Axes
 - Level 5.0(6.3) Maces & Flails
 + Level 8.0 Armour
 + Level 7.2 Dodging
 * Level 10.8 Shields
 + Level 9.6 Invocations
 + Level 6.1 Evocations


You had 12 spell levels left.
You didn't know any spells.
Your spell library contained the following spells:

 Spells                   Type           Power      Damage    Failure   Level
 Sandblast                Erth           0%         2d4       100%        1
 Cigotuvi's Dreadful Rot  Necr/Pois/Air  0%         N/A       100%        2
 Ensorcelled Hibernation  Hex/Ice        0%         N/A       100%        2
 Lesser Beckoning         Tloc           0%         N/A       100%        2
 Passwall                 Tmut/Erth      0%         N/A       100%        2
 Frozen Ramparts          Ice            0%         1d1       100%        3
 Gell's Gravitas          Tloc           0%         N/A       100%        3
 Ignite Poison            Fire/Tmut/Pois 0%         N/A       100%        3
 Stone Arrow              Conj/Erth      0%         3d7       100%        3
 Swiftness                Air            0%         N/A       100%        3
 Teleport Other           Tloc           0%         N/A       100%        3
 Anguish                  Hex/Necr       0%         N/A       100%        4
 Cause Fear               Hex            0%         N/A       100%        4
 Petrify                  Tmut/Erth      0%         N/A       100%        4
 Freezing Cloud           Conj/Ice/Air   0%         6-21      100%        5
 Metabolic Englaciation   Hex/Ice        0%         N/A       100%        5
 Enfeeble                 Hex            0%         N/A       100%        7


Dungeon Overview and Level Annotations

Branches:
Dungeon (13/15)            Temple (1/1) D:6            Lair (0/5) D:11
    Orc (0/2) D:10          Sewer (visited)          Bailey (visited)
 Vaults: D:13-14

Altars:
Ashenzari
Cheibriados
Dithmenos
Elyvilon
Fedhas
Gozag
Hepliaklqana
Kikubaaqudgha
Makhleb
Nemelex Xobeh
Okawaru
Qazlal
Ru
Sif Muna
Trog
Uskayaw
Vehumet
Wu Jian
Xom
Yredelemnul
Zin
The Shining One

Shops:
D:9 [

Annotations:
D:9 2 transporters, paps's ghost, novice OpFi


Innate Abilities, Weirdness & Mutations

You have a pair of small horns on your head.
You are partially covered in iridescent scales. (AC +2)
Your spells are harder to cast, but more powerful.


Message History

* * * LOW HITPOINT WARNING * * *
The centaur warrior hits you but does no damage.
The centaur warrior kicks you but does no damage.
Aiming: Charm
Press: ? - help, Shift-Dir - straight line, f/p - gnoll
Aim: a gnoll, wielding a +0 halberd (haloed, chance to affect: 72%)
The gnoll struggles to resist.
You block the centaur warrior's attack.
The centaur warrior kicks you but does no damage.
You block the gnoll's attack. You block the centaur warrior's attack.
The centaur warrior kicks you but does no damage.
The gnoll hits you but does no damage.
Aiming: Charm
Press: ? - help, Shift-Dir - straight line, f/p - gnoll
Aim: a gnoll, wielding a +0 halberd (haloed, chance to affect: 72%)
The gnoll is charmed.
You block the centaur warrior's attack.
The centaur warrior kicks you but does no damage.
The water elemental hits you.
* * * LOW HITPOINT WARNING * * *
The water elemental engulfs you in water!
You block the centaur warrior's attack.
The centaur warrior kicks you but does no damage.
You cannot read scrolls while unable to breathe!
You feel much better.
* * * LOW HITPOINT WARNING * * *
Your lungs strain for air!
The centaur warrior hits you!
* * * LOW HITPOINT WARNING * * *
You block the centaur warrior's attack. The water elemental hits you!
* * * LOW HITPOINT WARNING * * *
The centaur warrior hits you!
* * * LOW HITPOINT WARNING * * *
You block the centaur warrior's attack. The water elemental hits you.
You cannot read scrolls while unable to breathe!
Unknown command.
You slip free of the water engulfing you.
You gasp with relief as air once again reaches your lungs.
You feel yourself speed up.
The centaur warrior wields a +0 orcbow.
The centaur warrior shoots an arrow.
You block the arrow.
The centaur warrior shoots an arrow.
The arrow hits you!
You die...

#.##################
#...................
#.##################
#.# ###.#
#...########
#..........#
#.).)......#
#).).@.....#
###....c...#
#..gE.......
#...........
#.........#.
#.#####..... ...
...#. #### .#.# ....
.... #.~~ ##.. ....


You could see a centaur warrior, a water elemental and a friendly gnoll
(charmed).

Vanquished Creatures
  Snorg (D:12)
  Erolcha (D:9)
  A boulder beetle (D:12)
  A deep elf pyromancer (D:12)
  3 cyclopes (D:12)
  An ugly thing (D:12)
  The ghost of mohammadb5305 the Magician, a novice DjIE of Makhleb (D:5)
  Maurice (D:10)
  3 slime creatures (D:11)
  3 gargoyles
  An unseen horror (D:12)
  2 tengu conjurers (D:8)
  Grinder (D:4)
  A shadow (D:11)
  2 wraiths
  19 yaks
  A wyvern (D:7)
  2 basilisks (D:11)
  10 vampire mosquitoes
  2 steam dragons
  Edmund (D:4)
  4 acid dragons
  3 water moccasins
  Duvessa (D:4)
  A sky beast (D:7)
  3 ice beasts
  19 orc warriors
  4 black bears
  5 wolves (D:11)
  2 phantoms
  Blork the orc (D:4)
  4 kobold brigands
  5 bullfrogs
  3 scorpions
  4 gnoll sergeants
  Dowan (D:4)
  5 howler monkeys
  A vampire bat (D:6)
  3 killer bees (D:9)
  4 hounds
  3 jellies
  3 sleepcaps
  A gnoll bouda (D:7)
  8 orc priests
  An iron imp (D:10)
  2 iguanas
  13 orc wizards
  40 gnolls
  9 adders
  2 river rats
  2 shadow imps
  2 white imps (D:8)
  An ufetubus (D:5)
  6 worms
  2 dart slugs
  49 orcs
  14 ball pythons
  5 bat zombies (D:6)
  9 endoplasms
  2 giant cockroaches (D:3)
  14 goblins
  15 hobgoblins
  6 jackals (D:1)
  4 quokkas
  5 bats
  4 frilled lizards
  8 kobolds
  9 rats
370 creatures vanquished.

Vanquished Creatures (collateral kills)
  An orc warlord (Bailey)
1 creature vanquished.

Vanquished Creatures (others)
  An orc wizard (D:8)
1 creature vanquished.

Grand Total: 372 creatures vanquished

Notes
Turn   | Place    | Note
-------+----------+-------------------------------------------
     0 | D:1      | Revguard the Human Fighter began the quest for the Orb.
     0 | D:1      | Reached XP level 1. HP: 18/18 MP: 1/1
    63 | D:1      | Reached XP level 2. HP: 15/24 MP: 2/2
   236 | D:1      | Found a faded altar of an unknown god.
   244 | D:1      | Reached skill level 1 in Invocations
   294 | D:1      | Reached XP level 3. HP: 29/29 MP: 3/3
   988 | D:2      | Reached skill level 1 in Dodging
   988 | D:2      | Reached XP level 4. HP: 20/35 MP: 5/5
  1733 | D:3      | Reached skill level 1 in Evocations
  1826 | D:3      | Noticed a water moccasin
  1837 | D:3      | Killed a water moccasin
  1838 | D:3      | Reached XP level 5. HP: 27/42 MP: 6/6
  1838 | D:3      | Reached XP level 6. HP: 31/48 MP: 7/7
  2113 | D:3      | Found a glowing drain.
  2135 | Sewer    | Entered a sewer
  2438 | Sewer    | Reached XP level 7. HP: 41/54 MP: 9/9
  2869 | D:3      | Found a hazy altar of Hepliaklqana.
  2869 | D:3      | Identified the ring "Jatoemom" {Ice Str+7}
  3425 | D:4      | Noticed Blork the orc
  3447 | D:4      | Killed Blork the orc
  3578 | D:4      | Noticed Dowan
  3579 | D:4      | Noticed Duvessa
  3595 | D:4      | Killed Duvessa
  3597 | D:4      | Killed Dowan
  3598 | D:4      | Reached XP level 8. HP: 56/61 MP: 10/10
  3685 | D:4      | Noticed Grinder
  3710 | D:4      | Killed Grinder
  3711 | D:4      | Reached skill level 5 in Fighting
  4008 | D:4      | Reached skill level 5 in Shields
  4205 | D:4      | Noticed Edmund
  4220 | D:4      | Killed Edmund
  4367 | D:5      | Entered Level 5 of the Dungeon
  4469 | D:5      | Found a runed translucent door.
  4472 | D:5      | Noticed mohammadb5305's ghost (novice DjIE)
  4503 | D:5      | You fall into a shaft and drop 1 floor!
  4617 | D:6      | Found a staircase to the Ecumenical Temple.
  4624 | Temple   | Entered the Ecumenical Temple
  4699 | Temple   | Became a worshipper of Zin the Law-Giver
  4699 | Temple   | Reached * piety under Zin
  4806 | D:6      | Reached XP level 9. HP: 41/68 MP: 12/12
  5037 | D:6      | Reached skill level 5 in Invocations
  5132 | Temple   | Fell from the grace of Zin
  5132 | Temple   | Became a worshipper of the Shining One
  5241 | D:6      | Reached * piety under the Shining One
  5246 | D:6      | Found an ancient bone altar of Kikubaaqudgha.
  6386 | D:7      | Found a flagged portal.
  6394 | Bailey   | Entered a bailey
  6601 | Bailey   | Reached skill level 5 in Armour
  6797 | Bailey   | Reached XP level 10. HP: 52/77 MP: 11/14
  6838 | Bailey   | Gained mutation: You are partially covered in iridescent
                  | scales. (AC +2) [potion of mutation]
  6838 | Bailey   | Gained mutation: You have hidden genetic potential. [potion
                  | of mutation]
  6838 | Bailey   | Gained mutation: Your spells are a little harder to cast,
                  | but a little more powerful. [potion of mutation]
  7147 | Bailey   | Noticed an orc warlord
  7169 | Bailey   | Killed an orc warlord
  7194 | Bailey   | Reached skill level 5 in Maces & Flails
  7249 | Bailey   | Reached skill level 5 in Dodging
  7249 | Bailey   | Reached XP level 11. HP: 30/89 MP: 16/16
  8119 | D:5      | Identified the +0 ring mail of the Furies {Str+4}
  8344 | D:5      | Found a runed translucent door.
  8374 | D:5      | Killed mohammadb5305's ghost
  8611 | D:5      | Gained mutation: You have a pair of small horns on your
                  | head. [hidden potential]
  8988 | D:8      | Reached ** piety under the Shining One
  9111 | D:8      | Reached XP level 12. HP: 39/95 MP: 17/17
  9465 | D:8      | Found a shimmering blue altar of Sif Muna.
 10084 | D:9      | Found a sacrificial altar of Ru.
 10144 | D:9      | Noticed Erolcha
 10158 | D:9      | Killed Erolcha
 10512 | D:9      | Found Akunu's Armour Shop.
 10547 | D:9      | Bought a +2 pair of gloves for 264 gold pieces
 10616 | D:9      | Found a transporter.
 10616 | D:9      | Noticed paps's ghost (novice OpFi)
 10621 | D:9      | Found a transporter.
 10774 | D:9      | Reached skill level 5 in Evocations
 11004 | D:10     | Entered Level 10 of the Dungeon
 11408 | D:10     | Noticed Maurice
 11414 | D:10     | Killed Maurice
 11474 | D:10     | Reached skill level 10 in Fighting
 11487 | D:10     | Gained mutation: Your spells are harder to cast, but more
                  | powerful. [hidden potential]
 11487 | D:10     | Lost mutation: You have hidden genetic potential. [hidden
                  | potential expressed]
 11546 | D:10     | Reached skill level 10 in Shields
 11642 | D:10     | Found a staircase to the Orcish Mines.
 11884 | D:10     | Found a snail-covered altar of Cheibriados.
 12108 | D:11     | Found a staircase to the Lair.
 12517 | D:11     | Reached skill level 5 in Axes
 12781 | D:11     | Reached *** piety under the Shining One
 13028 | D:12     | Reached XP level 13. HP: 104/104 MP: 19/19
 13698 | D:12     | Found a sacrificial altar of Ru.
 14329 | D:12     | Noticed Snorg
 14340 | D:12     | Killed Snorg
 14886 | D:13     | Noticed a centaur warrior
 14899 | D:13     | Shot with an arrow by a centaur warrior

Illustrated notes

Levels and vault maps discovered:
D:1:      dpeg_arrival_rooms_b, layout_loops_ring,
          nicolae_ecumenical_snake_handling, minmay_tripent
D:2:      layout_basic
D:3:      layout_basic, amcnicky_altar_gilded, gup_sewer_entry_bubbles,
          st_stairs_3
D:4:      layout_loops_cross, uniq_blork_the_orc, uniq_edmund, uniq_duvessa,
          uniq_grinder
D:5:      cheibrodos_two_vegetables, layout_basic, ebering_ghost_sewer_f,
          minmay_a_box_with_orc_wizards_in_it
D:6:      layout_basic, kennysheep_vampire_church, minmay_temple_entry_statues
D:7:      layout_rooms, enter_bailey_6
D:8:      layout_basic, led_sif_book
D:9:      layout_stronghold, mainiacjoe_overflow_six_doors_small, serial_shops,
          shop, gammafunk_ghost_arena, bh_walls_and_bars, uniq_erolcha
D:10:     layout_roguey, slow_altar_1, minmay_orc_entry_temple_small,
          uniq_maurice
D:11:     layout_rooms, minmay_lair_entry_grove, nicolae_titane
D:12:     layout_loops_cross, nicolae_ru_the_path_less_chosen, uniq_snorg
D:13:     layout_basic, david_vaults_5, serial_glass, glass_columns_a,
          glass_columns_a, glass_columns_b, glass_columns_c, glass_columns_b,
          glass_columns_c, glass_columns_a, glass_columns_a, glass_columns_c,
          glass_columns_b, glass_columns_a, glass_columns_c, glass_columns_a,
          glass_columns_b
Temple:   minmay_temple_bridge_d

Skill      XL: |  1  2  3  4  5  6  7  8  9 10 11 12 13 |
---------------+----------------------------------------+-----
Invocations    | 1 2 3 4 6 7 9 |  9.6
Dodging        | 1 2 3 5 6 7 |  7.2
Evocations     | 1 2 3 4 5 6 |  6.1
Fighting       | 4 5 6 9 10 | 10.8
Shields        | 4 5 6 9 10 | 10.8
Maces & Flails | 3 4 5 |  5.0
Armour         | 4 5 6 7 8 |  8.0
Axes           | 3 4 5 |  5.7

Action                     |  1- 3 |  4- 6 |  7- 9 | 10-12 | 13-15 || total
---------------------------+-------+-------+-------+-------+-------++-------
  Melee: Flail             |    91 |   154 |   182 |    68 |       ||   495
         Mace              |       |       |   214 |       |       ||   214
         Broad axe         |       |       |       |   309 |    95 ||   404
         Headbutt          |       |       |       |    51 |    31 ||    82
 Invoke: Divine Shield     |       |       |     3 |     4 |     2 ||     9
  Evoke: Wand              |       |       |     1 |    12 |    13 ||    26
    Use: Potion            |     1 |     2 |     8 |    13 |     1 ||    25
         Scroll            |       |     6 |     8 |     8 |     2 ||    24
 Armour: Scale mail        |    81 |    29 |       |       |       ||   110
         Plate armour      |       |    75 |   418 |   425 |   200 ||  1118
  Dodge: Dodged            |    51 |    24 |   125 |   159 |    59 ||   418
  Block: Buckler           |    29 |    33 |   139 |   204 |    93 ||   498

Table legend: (Time is in decaauts)
 A = Elapsed time spent in this place.
 B = Non-inter-level travel time spent in this place.
 C = Inter-level travel time spent in this place.
 D = Time resting spent in this place.
 E = Time spent auto-exploring this place.
 F = Levels seen in this place.
 G = Mean time per level.
                   A        B        C        D        E       F      G
               +--------+--------+--------+--------+--------+-----+--------+
         Total |  15357 |  14489 |    868 |   1746 |   9366 |  16 |  959.8 |
       Dungeon |  13185 |  12609 |    576 |   1231 |   8862 |  13 | 1014.2 |
        Temple |    296 |      5 |    291 |      0 |      0 |   1 |  296.0 |
         Sewer |    810 |    810 |      0 |     46 |    374 |   1 |  810.0 |
        Bailey |   1064 |   1064 |      0 |    469 |    130 |   1 | 1064.0 |
               +--------+--------+--------+--------+--------+-----+--------+

Top non-repeatable levels by time:
    D:12: 1645 daAuts
     D:6: 1330 daAuts
     D:9: 1118 daAuts
     D:5: 1115 daAuts
    D:10: 1100 daAuts
     D:4: 1070 daAuts
  Bailey: 1064 daAuts
     D:8: 1061 daAuts
     D:3: 982 daAuts
    D:11: 944 daAuts
     D:1: 919 daAuts
     D:2: 825 daAuts
   Sewer: 810 daAuts
     D:7: 795 daAuts
  Temple: 296 daAuts
